 Dungeon Crawl Stone Soup version 0.29.1-15-g9cfb28693d (webtiles) character file.

Game seed: 11085954208327510401

71 workbot the Slasher (level 4, -12/40 HPs)
             Began as a Draconian Berserker on Feb 28, 2023.
             Was a Believer of Trog.
             Killed by divine providence
             ... invoked by an orc priest
              (13 damage)
             ... on level 3 of the Dungeon.
             The game lasted 00:06:11 (1915 turns).

workbot the Slasher (Draconian Berserker)           Turns: 1915, Time: 00:06:12

Health: -12/40     AC:  6    Str: 21    XL:     4   Next: 5%
Magic:  4/4        EV: 12    Int:  7    God:    Trog [**....]
Gold:   65         SH:  0    Dex: 11    Spells: 3/3 levels left

rFire   . . .      SeeInvis .   a - +0 falchion
rCold   . . .      Faith    .   j - orb {*Rage}
rNeg    . . .      Spirit   .   (body armour unavailable)
rPois   .          Reflect  .   (helmet restricted)
rElec   .          Harm     .   (no cloak)
rCorr   +          Rampage  .   (no gloves)
Will    .....      Rage     20% c - +0 pair of boots
Stlth   +.........              (no amulet)
HPRegen 0.13/turn               h - ring of resist corrosion
MPRegen 0.09/turn               (no ring)

@: on berserk cooldown, slowed, very slow
A: AC +5, unfitting armour, cold-blooded
a: Renounce Religion, Berserk, Trog's Hand


You were on level 3 of the Dungeon.
You worshipped Trog.
Trog was pleased with you.
You visited 1 branch of the dungeon, and saw 3 of its levels.

You collected 65 gold pieces.

Inventory:

Hand Weapons
 a - a +0 falchion (weapon)
Armour
 c - a +0 pair of boots (worn)
 j - an orb of wrath (worn)
Jewellery
 h - a ring of resist corrosion (left hand)
Scrolls
 b - a scroll of vulnerability {unknown}
 d - a scroll of brand weapon {unknown}
 e - a scroll of poison {unknown}
 g - a scroll of torment {unknown}
Potions
 f - a potion of flight {unknown}
 i - a potion of attraction {unknown}


   Skills:
 + Level 3.8 Fighting
 + Level 4.0 Long Blades
 + Level 3.3 Dodging
 + Level 0.2 Stealth


You had 3 spell levels left.
You didn't know any spells.
Your spell library was empty.

Dungeon Overview and Level Annotations

Branches:
Dungeon (3/15)

Altars:
Trog


Innate Abilities, Weirdness & Mutations

Your plain brown scales are hard. (AC +5)
You cannot fit into any form of body armour.
You are cold-blooded and may be slowed by cold attacks.


Message History

You feel yourself slow down.
The orc priest hits you with a +2 vampiric dagger.
The orc wizard hits you but does no damage.
The orc hits you with a +0 hand axe.
You barely miss the orc wizard.
The orc wizard is almost dead.
The orc priest hits you with a +2 vampiric dagger.
The orc closely misses you. The orc wizard closely misses you.
You hit the orc wizard.
You kill the orc wizard!
Trog accepts your kill.
Trog appreciates your killing of a magic user.
The orc barely misses you.
The orc priest hits you but does no damage.
The orc priest calls down the wrath of Beogh upon you.
Beogh smites you!
* * * LOW HITPOINT WARNING * * *
The orc barely misses you.
Your Long Blades skill increases to level 4!
You have reached level 4!
You feel agile.
You are too injured to fight recklessly!
You completely miss the orc. The orc hits you with a +0 hand axe.
* * * LOW HITPOINT WARNING * * *
The orc priest casts a cantrip, but nothing happens.
The orc priest invokes the aid of Beogh against you.
Pain shoots through your body!
* * * LOW HITPOINT WARNING * * *
The orc barely misses you.
You closely miss the orc. You tail-slap the orc.
The orc is almost dead.
The orc barely misses you. The orc priest barely misses you.
You closely miss the orc.
The orc is almost dead.
The orc misses you.
The orc priest hits you but does no damage.
The orc hits you but does no damage.
The orc priest mumbles some strange prayers to Beogh against you.
Beogh smites you!
You die...

####### #.....#
###.....# ##.......+
##.#......#
##....)....#############
#.....o@..(..##....<....
#....#o......##.##......
##. #.......##..#......
.....................
...##...........######
..#. ##..........# . .
#.....##...# ##
#.....###### ####.##


You could see an orc priest and an orc.

Vanquished Creatures
  An orc wizard (D:3)
  An adder (D:2)
  A dart slug (D:2)
  2 ball pythons
  4 endoplasms
  6 giant cockroaches
  2 goblins
  4 jackals (D:2)
  2 kobolds (D:1)
  A quokka (D:2)
  3 bats (D:2)
  2 frilled lizards
  4 rats
33 creatures vanquished.

Notes
Turn   | Place    | Note
-------+----------+-------------------------------------------
     0 | D:1      | workbot the Draconian Berserker began the quest for the
                  | Orb.
     0 | D:1      | Reached XP level 1. HP: 19/19 MP: 1/1
   250 | D:1      | Reached XP level 2. HP: 26/26 MP: 2/2
   934 | D:2      | Found a bloodstained altar of Trog.
  1267 | D:2      | Reached XP level 3. HP: 30/31 MP: 3/3
  1512 | D:2      | Reached ** piety under Trog
  1913 | D:3      | Reached skill level 4 in Long Blades
  1913 | D:3      | Reached XP level 4. HP: 9/40 MP: 4/4
  1913 | D:3      | HP: 1/40 [orc priest/nerve-wracking pain (4)]
  1915 | D:3      | Killed from afar by an orc priest

Illustrated notes

Levels and vault maps discovered:
D:1:      dpeg_arrival_lava_temple_mockup, layout_basic
D:2:      layout_basic, basic_altar
D:3:      layout_basic, serial_shops, nicolae_shop_overgrown_old_shop,
          serial_corexii_hall, corexii_hall_statues_i, corexii_hall_statues_s,
          chequers_hall_statues_y, shapermc_ecumenical_altar_ellora

Skill      XL: |  1  2  3 |
---------------+----------+-----
Dodging        | 3 |  3.3
Long Blades    | 4 |  4.0
Fighting       | |  3.8
Stealth        | |  0.2

Action                   |  1- 3 |  4- 6 || total
-------------------------+-------+-------++-------
Melee: Falchion          |   111 |     3 ||   114
       Tailslap          |     6 |     1 ||     7
Invok: Berserk           |     1 |       ||     1
Armor: Skin              |    61 |     2 ||    63
Dodge: Dodged            |   122 |     4 ||   126
